Match 45256511
Unlisted

Match 45256511
End
Construct Infanterie Kompanie
Selects Terror Battlegroup
Selects Machine Gun Camouflage
MG 42 Machine Gun Team
MG 42 Machine Gun Team
Grenadier Squad
Construct Panzergrenadier Kompanie
Panzergrenadier Squad
Support Elements
Nebelwerfer 42 Rocket Launcher Team
MG 42 Machine Gun Team
Nebelwerfer 42 Rocket Launcher Team
StuG III G Assault Gun
Pioneer Squad
StuG III G Assault Gun
Panzergrenadier Officer Quarters
Selects Defend the Fatherland
251 Medium Carrier
MG 42 Machine Gun Team
MG 42 Machine Gun Team
Panzergrenadier Squad
Pioneer Squad
Selects King Tiger Heavy Tank
King Tiger Heavy Tank
Pioneer Squad
Nebelwerfer 42 Rocket Launcher Team
Adumb
Para_Dilshan
leake82
Majori.
Matthirace
jimmy82lao
0
0

Comments sign in to comment!

No comments posted yet!